Map: Frozen Temple

Players

Jamileon

  • Race: Protoss Protoss
  • League: Grandmaster

KingLucky - Winner!

  • Race: Protoss Protoss
  • League: Grandmaster

Event: Cheesadelphia Summer 2016

VOD

Have the link to the VOD?

Description

Time

  • Played on: July 23, 2016, 12:49 p.m.
  • Length: 10:23

All games in this series

Show
View Real Time Build Order
Export as new Build Order

Jamileon Protoss 

Build Orders:  

Get SALT Encoding   

  12  0:01  Probe (Chrono Boost)  
  13  0:11  Probe (Chrono Boost)  
  14  0:18  Pylon  
  14  0:22  Probe (Chrono Boost)  
  15  0:36  Probe (Chrono Boost)  
  15  0:37  Gateway  
  15  0:42  Assimilator  
  16  0:47  Probe (Chrono Boost)  
  17  0:53  Assimilator  
  17  0:57  Probe (Chrono Boost)  
  18  1:07  Gateway  
  18  1:08  Probe (Chrono Boost)  
  19  1:18  Probe (Chrono Boost)  
  19  1:25  Cybernetics Core  
  20  1:29  Probe (Chrono Boost)  
  21  1:36  Pylon  
  22  1:40  Probe (Chrono Boost)  
  22  1:50  Probe (Chrono Boost)  
  22  1:52  Warp Gate  
  23  2:02  Adept  
  23  2:04  Mothership Core (Chrono Boost)  
  29  2:12  Pylon  
  30  2:24  Probe (Chrono Boost)  
  30  2:28  Stalker  
  30  2:30  Stalker  
  32  2:37  Robotics Facility  
  32  3:05  Nexus  
  32  3:10  Sentry x2  
  36  3:18  Probe (Chrono Boost)  
  37  3:32  Probe (Chrono Boost)  
  38  3:36  Pylon  
  38  3:44  Probe (Chrono Boost)  
  39  3:49  Immortal  
  43  3:55  Sentry  
  43  3:56  Stalker  
  47  4:07  Pylon  
  47  4:19  Probe (Chrono Boost), Stalker x2  
  47  4:23  Probe (Chrono Boost)  
  53  4:26  Warp Prism  
  53  4:31  Probe (Chrono Boost)  
  54  4:35  Probe (Chrono Boost)  
  57  4:43  Probe (Chrono Boost)  
  57  4:44  Forge  
  58  4:48  Probe (Chrono Boost)  
  59  4:55  Probe (Chrono Boost)  
  59  4:59  Probe (Chrono Boost)  
  61  5:00  Observer  
  63  5:07  Probe (Chrono Boost), Pylon  
  63  5:08  Protoss Ground Weapons Level 1  
  63  5:20  Probe (Chrono Boost), Immortal  
  63  5:21  Probe (Chrono Boost), Stalker x2  
  71  5:29  Assimilator  
  71  5:34  Probe (Chrono Boost)  
  72  5:45  Stalker x2  
  72  5:48  Probe x2 (Chrono Boost), Assimilator  
  78  5:52  Pylon  
  76  5:58  Immortal  
  77  6:04  Probe (Chrono Boost)  
  77  6:10  Adept x2  
  81  6:14  Probe (Chrono Boost)  
  81  6:16  Probe (Chrono Boost)  
  84  6:26  Probe (Chrono Boost)  
  84  6:29  Probe (Chrono Boost)  
  84  6:31  Pylon  
  83  6:38  Immortal  
  81  6:40  Nexus  
  81  6:43  Pylon  
  85  6:48  Twilight Council  
  85  6:50  Probe (Chrono Boost)  
  87  6:54  Probe (Chrono Boost)  
  87  7:05  Probe (Chrono Boost)  
  87  7:06  Probe (Chrono Boost)  
  87  7:07  Gateway  
  87  7:08  Sentry x2  
  93  7:13  Pylon  
  93  7:15  Protoss Ground Weapons Level 2, Pylon  
  93  7:17  Gateway  
  93  7:19  Resonating Glaives, Immortal  
  97  7:37  Gateway  
  97  7:39  Adept x2  
  101  7:46  Probe x2 (Chrono Boost)  
  103  7:57  Pylon  
  103  8:00  Adept x2  
  105  8:06  Pylon  
  105  8:13  Adept  
  105  8:16  Adept, Pylon  
  109  8:25  Adept x2  
  113  8:29  Immortal  
  113  8:33  Adept  
  119  8:35  Adept  
  119  8:37  Adept  
  123  8:45  Adept x2  
  123  8:58  Adept x3  
  125  9:12  Adept x2  
  125  9:17  Adept x2  
  129  9:27  Adept  
  131  9:31  Adept  
  131  9:33  Pylon  
  131  9:35  Pylon  
  131  9:36  Pylon  
  131  9:38  Pylon  
  133  9:40  Immortal  
  127  9:47  Adept x4  
  125  9:57  Adept  
  105  10:05  Adept x2  
  64  10:14  Adept x2  
Show
View Real Time Build Order
Export as new Build Order

KingLucky Protoss - Winner!

Build Orders:  

Get SALT Encoding   

  12  0:02  Probe (Chrono Boost)  
  13  0:13  Probe (Chrono Boost)  
  14  0:17  Pylon  
  14  0:23  Probe (Chrono Boost)  
  16  0:36  Probe (Chrono Boost), Gateway  
  16  0:42  Assimilator  
  16  0:46  Probe (Chrono Boost)  
  17  0:51  Assimilator  
  17  0:57  Probe (Chrono Boost)  
  18  1:07  Probe (Chrono Boost)  
  18  1:09  Gateway  
  19  1:18  Probe (Chrono Boost)  
  20  1:23  Cybernetics Core  
  20  1:28  Probe (Chrono Boost)  
  21  1:33  Pylon  
  21  1:39  Probe (Chrono Boost)  
  22  1:49  Probe (Chrono Boost), Warp Gate  
  23  1:59  Stalker x2  
  27  2:10  Mothership Core (Chrono Boost)  
  27  2:13  Pylon  
  29  2:32  Stalker x2  
  33  2:53  Probe (Chrono Boost)  
  34  3:01  Nexus  
  34  3:05  Sentry  
  36  3:07  Sentry  
  39  3:13  Probe (Chrono Boost)  
  39  3:18  Pylon  
  39  3:32  Probe (Chrono Boost)  
  39  3:38  Robotics Facility  
  39  3:42  Probe (Chrono Boost)  
  40  3:52  Twilight Council  
  40  3:53  Probe (Chrono Boost)  
  41  4:01  Adept  
  41  4:02  Adept  
  45  4:04  Probe (Chrono Boost)  
  46  4:13  Probe (Chrono Boost)  
  46  4:15  Probe (Chrono Boost)  
  48  4:21  Assimilator  
  48  4:23  Probe (Chrono Boost)  
  48  4:24  Observer  
  49  4:25  Blink  
  49  4:27  Probe (Chrono Boost)  
  51  4:32  Assimilator  
  51  4:34  Probe (Chrono Boost)  
  52  4:41  Probe (Chrono Boost)  
  52  4:45  Probe (Chrono Boost)  
  55  4:54  Probe (Chrono Boost)  
  55  4:55  Probe (Chrono Boost), Immortal  
  60  5:06  Probe (Chrono Boost), Forge  
  61  5:13  Sentry x2  
  61  5:25  Probe (Chrono Boost)  
  61  5:27  Probe (Chrono Boost)  
  62  5:33  Pylon  
  62  5:41  Pylon  
  62  5:46  Immortal  
  62  5:53  Gateway x2  
  62  6:03  Sentry, Stalker  
  64  6:09  Probe (Chrono Boost)  
  65  6:21  Mothership Core (Chrono Boost)  
  65  6:22  Protoss Ground Weapons Level 1  
  65  6:24  Immortal  
  65  6:26  Adept x2  
  65  6:32  Probe (Chrono Boost)  
  71  6:40  Probe (Chrono Boost)  
  71  6:43  Probe (Chrono Boost)  
  72  6:50  Stalker x3  
  78  6:55  Probe (Chrono Boost)  
  78  6:56  Probe (Chrono Boost)  
  78  7:03  Resonating Glaives  
  78  7:13  Pylon  
  78  7:14  Pylon  
  78  7:21  Gateway  
  78  7:26  Warp Prism  
  78  7:28  Gateway  
  78  7:31  Sentry x2  
  78  7:32  Probe x2 (Chrono Boost)  
  78  7:36  Sentry x2  
  90  7:41  Gateway  
  90  7:48  Pylon  
  90  7:51  Pylon  
  90  8:00  Probe x2 (Chrono Boost)  
  92  8:06  Adept x3  
  92  8:07  Adept  
  100  8:23  Pylon  
  100  8:24  Pylon  
  100  8:39  Adept x2  
  100  8:40  Adept x3  
  110  8:42  Adept  
  112  8:58  Adept  
  112  9:00  Adept x3, Sentry x2  
  124  9:12  Sentry  
  124  9:18  Pylon  
  124  9:19  Pylon  
  122  9:25  Adept x2  
  126  9:44  Adept x5  
  130  9:47  Adept x2  
  108  10:06  Adept  
  108  10:07  Adept x5  
  96  10:08  Adept  
Tags
 
Add a new tag
Caveats
  • Supply blocks, unpowered buildings, or Contaminate may cause inaccurate times.
  • Supply counts are checked every 10 seconds.